Map: Dusk Towers

Players

ninjabim

  • Race: Zerg Zerg
  • League: Gold

capac - Winner!

  • Race: Terran Terran
  • League: Gold

VOD

Have the link to the VOD?

Description

Time

  • Played on: April 2, 2016, 7:31 a.m.
  • Length: 13:39
Show
View Real Time Build Order
Export as new Build Order

ninjabim Zerg 

Build Orders: Hatch First 

Get SALT Encoding   

  12  0:01  Drone  
  13  0:08  Drone  
  14  0:17  Overlord  
  14  0:23  Extractor, Drone  
  15  0:35  Drone x2  
  17  0:55  Hatchery  
  16  0:58  Drone  
  16  1:02  Extractor  
  16  1:07  Drone  
  18  1:18  Spawning Pool  
  16  1:21  Drone  
  17  1:27  Drone  
  18  1:37  Drone  
  19  1:50  Overlord  
  19  1:59  Drone  
  20  2:06  Metabolic Boost  
  20  2:07  Queen  
  22  2:09  Queen  
  22  2:13  Drone  
  25  2:20  Zergling x4  
  27  2:23  Drone  
  27  2:29  Drone  
  29  2:34  Drone  
  30  2:43  Drone x2  
  32  2:50  Lair  
  32  3:01  Drone  
  32  3:02  Drone  
  34  3:09  Overlord  
  34  3:10  Overlord  
  34  3:15  Drone x2  
  34  3:18  Extractor  
  35  3:23  Overlord, Extractor  
  35  3:24  Drone  
  35  3:26  Extractor  
  34  3:28  Drone x3  
  37  3:41  Drone x4  
  41  3:48  Drone  
  42  3:56  Spire  
  42  4:01  Overlord x2  
  40  4:03  Drone x2  
  40  4:04  Drone  
  43  4:14  Drone x3  
  43  4:15  Drone  
  43  4:16  Drone  
  48  4:25  Queen  
  50  4:37  Hatchery  
  49  4:48  Drone  
  49  4:49  Drone x4  
  49  4:50  Drone x3  
  57  4:56  Roach Warren  
  56  5:01  Overlord  
  56  5:23  Mutalisk  
  56  5:24  Mutalisk x5  
  68  5:29  Mutalisk x3  
  74  5:36  Evolution Chamber  
  74  5:37  Evolution Chamber  
  72  5:45  Zergling x6  
  69  6:00  Zergling x6  
  69  6:01  Zergling x18  
  75  6:11  Zergling x4  
  67  6:17  Zergling x4  
  64  6:25  Drone x2  
  63  6:47  Extractor  
  63  6:48  Mutalisk x5  
  63  6:49  Mutalisk x2  
  63  6:52  Zerg Missile Weapons Level 1  
  76  6:56  Roach x2  
  76  7:01  Queen  
  82  7:10  Spine Crawler  
  82  7:12  Overlord x2  
  82  7:13  Overlord  
  81  7:28  Drone  
  82  7:30  Queen, Overlord x3  
  82  7:35  Roach x3  
  90  7:48  Roach  
  90  7:49  Roach x4  
  100  7:54  Roach x2  
  100  7:57  Glial Reconstitution  
  102  8:16  Mutalisk  
  102  8:17  Mutalisk x3  
  102  8:18  Overlord  
  98  8:24  Spore Crawler  
  97  8:30  Hydralisk Den, Spore Crawler  
  97  8:33  Roach  
  99  8:34  Roach x2  
  99  8:39  Spore Crawler  
  100  8:43  Spore Crawler  
  89  8:57  Zergling x2  
  89  8:58  Corruptor x2  
  89  9:08  Zergling x2, Hydralisk x2  
  94  9:16  Zerg Missile Weapons Level 2  
  92  9:25  Drone x6  
  92  9:30  Hydralisk  
  100  9:43  Burrow  
  100  9:45  Drone x5  
  105  9:54  Overlord  
  105  9:55  Overlord  
  105  10:09  Roach x2  
  105  10:12  Drone x3  
  112  10:16  Hatchery  
  112  10:19  Zerg Ground Armor Level 1  
  111  10:35  Roach x4, Hydralisk x3  
  119  10:38  Ravager x2  
  119  10:39  Ravager x3  
  130  10:51  Extractor  
  130  10:54  Extractor, Spore Crawler  
  127  10:58  Spine Crawler, Roach  
  127  10:59  Roach  
  130  11:05  Overlord x2  
  130  11:10  Overlord x5  
  130  11:25  Drone  
  130  11:26  Drone x7  
  130  11:27  Overlord  
  138  11:39  Mutalisk x2  
  138  11:40  Mutalisk  
  144  11:49  Roach  
  144  11:50  Roach x3  
  151  12:02  Overseer  
  149  12:13  Hydralisk x7  
  152  12:32  Zergling x20  
  152  12:33  Zergling x4  
  152  12:36  Overseer  
  92  13:02  Hydralisk  
  92  13:03  Hydralisk x10  
  99  13:16  Roach x5  
  99  13:18  Roach  
Show
View Real Time Build Order
Export as new Build Order

capac Terran - Winner!

Build Orders: Reaper Expand, MMM Bio 

Get SALT Encoding   

  12  0:01  SCV  
  13  0:14  SCV  
  13  0:19  Supply Depot  
  14  0:26  SCV  
  15  0:41  SCV  
  16  0:43  Barracks  
  16  0:47  Refinery  
  16  0:54  SCV  
  17  1:06  SCV  
  18  1:18  SCV  
  19  1:30  Orbital Command  
  19  1:31  Reaper  
  20  1:47  Command Center  
  20  1:54  Supply Depot  
  20  1:56  SCV  
  21  2:03  Marine  
  22  2:14  Factory, SCV  
  22  2:15  Refinery  
  23  2:25  Barracks Reactor  
  23  2:38  SCV  
  24  2:52  SCV  
  24  2:59  Barracks, Orbital Command  
  24  3:02  Factory Tech Lab  
  24  3:04  Marine x2  
  24  3:05  Starport  
  26  3:09  SCV  
  27  3:24  SCV  
  27  3:26  Barracks  
  28  3:27  Siege Tank  
  28  3:31  Marine  
  28  3:32  Marine  
  33  3:37  SCV  
  33  3:39  SCV  
  35  3:42  Starport Reactor  
  35  3:47  Barracks Tech Lab  
  35  3:50  Refinery  
  35  3:53  SCV  
  36  3:56  SCV  
  37  4:13  Stimpack  
  37  4:14  Marine x2  
  37  4:15  Marine  
  37  4:16  Marine  
  41  4:21  SCV x2  
  43  4:27  Medivac  
  45  4:33  Supply Depot  
  45  4:35  Marine x3, Medivac  
  45  4:36  Marine  
  51  4:39  SCV x2  
  53  4:47  Engineering Bay  
  53  4:53  SCV  
  53  4:55  Siege Tank  
  53  4:58  Supply Depot  
  57  5:05  Marine x3  
  60  5:12  Marine  
  61  5:14  SCV  
  61  5:20  Supply Depot, SCV  
  63  5:26  SCV  
  64  5:32  SCV  
  64  5:34  Medivac x2  
  69  5:36  Marine  
  69  5:42  Marine, SCV  
  72  5:44  SCV  
  73  5:52  Missile Turret  
  73  5:54  Missile Turret  
  72  6:02  Missile Turret  
  70  6:09  Liberator x2  
  67  6:22  Marine  
  67  6:23  Marine x3  
  63  6:25  Siege Tank  
  69  6:33  SCV x2  
  69  6:36  Missile Turret  
  69  6:37  Refinery  
  71  6:40  Marine  
  71  6:42  Supply Depot  
  71  6:43  Supply Depot  
  71  6:46  Marine x3  
  75  6:52  Liberator x2  
  75  6:53  Combat Shields  
  75  7:01  Marine  
  75  7:04  Marine x2, Barracks Reactor  
  84  7:18  SCV  
  84  7:19  SCV  
  86  7:23  Barracks  
  86  7:25  Marine x2  
  86  7:26  Marine  
  86  7:29  Terran Infantry Weapons Level 1  
  89  7:30  SCV  
  89  7:31  SCV  
  91  7:50  Command Center  
  91  7:52  Medivac  
  93  7:58  Marine  
  93  8:03  Supply Depot  
  93  8:04  Marine  
  93  8:05  Marine x3, Medivac  
  100  8:07  Supply Depot  
  100  8:27  Supply Depot, Marine x2  
  100  8:28  Marine x2  
  100  8:30  Barracks Reactor  
  104  8:40  Barracks  
  88  8:56  Marine x4  
  88  8:57  Marine  
  89  9:14  Marine  
  89  9:15  Marine x3  
  89  9:16  Marine  
  94  9:17  Marine x2  
  95  9:32  Marine, Barracks Reactor  
  95  9:33  Marine x2  
  95  9:35  Medivac x2  
  95  9:37  Starport  
  102  9:46  Siege Tank  
  105  10:00  Marine x3  
  105  10:01  Marine x4  
  105  10:02  Orbital Command  
  105  10:05  SCV x2  
  114  10:07  Marine  
  114  10:14  Marine  
  115  10:16  Concussive Shells  
  115  10:18  Marine x5  
  115  10:20  Starport Reactor  
  121  10:21  Siege Tank  
  121  10:28  Supply Depot, Terran Infantry Armor Level 1, Armory  
  124  10:30  Engineering Bay  
  124  10:31  Supply Depot  
  124  10:38  SCV  
  124  10:39  SCV  
  124  10:41  Marine x7  
  133  10:43  Marine  
  133  10:48  Liberator x2  
  134  11:04  Siege Tank  
  137  11:10  Liberator x2  
  143  11:27  Supply Depot x2  
  143  11:28  Supply Depot  
  149  11:56  Liberator x4  
  148  12:09  Marine x5  
  148  12:10  Marine x4  
  169  12:27  Marine  
  134  13:18  Marine  
  134  13:19  Marine x6  
Tags
 
Add a new tag
Caveats
  • Supply blocks, unpowered buildings, or Contaminate may cause inaccurate times.
  • Supply counts are checked every 10 seconds.